 Dungeon Crawl Stone Soup version 0.21.1-1-g345015f (webtiles) character file.

10966 shakethe the Destroyer (level 11, -2/64 HPs)
             Began as a Tengu Fire Elementalist on Feb 9, 2018.
             Was a Priest of Vehumet.
             Slain by a minotaur
             ... wielding a +3 battleaxe of chopping
              (34 damage)
             ... in a labyrinth.
             The game lasted 01:13:08 (16590 turns).

shakethe the Destroyer (Tengu Fire Elementalist)   Turns: 16590, Time: 01:13:08

Health: -2/64      AC: 10    Str:  9    XL:     11   Next: 70%
Magic:  11/21      EV: 15    Int: 19    God:    Vehumet [***...]
Gold:   563        SH:  0    Dex: 14    Spells: 6/23 levels left

rFire    + . .     SeeInvis .   j - +2 great sword (slice)
rCold    . . .     Gourm    .   (shield currently unavailable)
rNeg     . . .     Faith    .   L - +0 leather armour {rF+}
rPois    +         Spirit   .   (helmet restricted)
rElec    .         Reflect  .   u - +2 cloak {MR+}
rCorr    .         Harm     .   g - +2 pair of gloves
MR       +....     Rnd*Rage +   (boots unavailable)
Stlth    ++........             B - amulet of magic regeneration
HPRegen  0.20/turn              z - ring of poison resistance {rPois, !d}
MPRegen  0.42/turn              I - +3 ring of slaying

@: no status effects
A: beak, talons 3, berserk 1, able to fly 1, sturdy frame 1
a: Fly, Renounce Religion


You were in a labyrinth.
You worshipped Vehumet.
Vehumet was most pleased with you.
You were not hungry.

You visited 3 branches of the dungeon, and saw 14 of its levels.
You also visited: Labyrinth.

You collected 563 gold pieces.

Inventory:

Hand Weapons
 j - a +2 great sword of slicing (weapon)
   (You took it off a wight on level 7 of the Dungeon)
Armour
 a - a +1 robe
 g - a +2 pair of gloves (worn)
   (You found it on level 1 of the Dungeon)
 u - a +2 cloak of magic resistance (worn)
   (You took it off Crazy Yiuf on level 3 of the Dungeon)
 L - a +0 leather armour of fire resistance (worn)
   (You took it off an orc on level 10 of the Dungeon)
Magical Staves
 x - an uncursed staff of poison {rPois}
   (You found it on level 4 of the Dungeon)
Jewellery
 z - a ring of poison resistance (left hand) {rPois, !d}
   (You took it off an orc on level 10 of the Dungeon)
 B - an amulet of magic regeneration (around neck)
   (You found it on level 8 of the Dungeon)
 D - an uncursed ring of resist corrosion
   (You found it on level 6 of the Dungeon)
 I - a +3 ring of slaying (right hand)
   (You found it on level 9 of the Dungeon)
Wands
 o - a wand of enslavement (7)
   (You took it off an orc warrior on level 11 of the Dungeon)
 s - a wand of iceblast (17)
   (You found it on level 6 of the Dungeon)
 y - a wand of flame (13)
   (You found it on level 8 of the Dungeon)
 E - a wand of paralysis (15)
   (You found it on level 8 of the Dungeon)
 J - a wand of polymorph (17)
   (You found it on level 9 of the Dungeon)
Scrolls
 h - 2 scrolls of teleportation
 i - 13 scrolls of remove curse
 n - a scroll of noise {!r}
 p - 2 scrolls of amnesia
 t - 6 scrolls of identify
 H - 3 scrolls of immolation {unknown}
 P - a scroll of enchant armour
Potions
 d - 2 potions of magic
 e - 7 potions of curing
 f - 2 potions of ambrosia
 l - 3 potions of flight
 m - 2 potions of might
 q - 3 potions of berserk rage {!q}
 v - a potion of resistance
 w - 2 potions of lignification {!q}
 C - 2 potions of agility
 M - a potion of degeneration {unknown}
Books
 b - a book of Flames
 A - a book of Misfortune
   (You found it on level 8 of the Dungeon)
 O - a book of Necromancy
   (You found it on level 11 of the Dungeon)
Miscellaneous
 G - a fan of gales
   (You found it on level 9 of the Dungeon)
 K - a fan of gales
   (You found it on level 11 of the Dungeon)
Comestibles
 c - 12 rations


   Skills:
 + Level 5.2 Fighting
 + Level 5.7 Armour
 + Level 6.2 Dodging
 - Level 2.0 Stealth
 + Level 6.5 Spellcasting
 * Level 12.7 Conjurations
 * Level 11.2 Fire Magic


You had 6 spell levels left.
You knew the following spells:

 Your Spells              Type           Power        Failure   Level  Hunger
a - Flame Tongue          Conj/Fire      #####        1%          1    None
c - Conjure Flame         Conj/Fire      ######..     1%          3    ##.....
f - Fireball              Conj/Fire      ######....   1%          5    #####..
s - Sticky Flame          Conj/Fire      ######..     1%          4    ####...
x - Iskenderun's Mystic   Conj           ######..     1%          4    ####...


Dungeon Overview and Level Annotations

Branches:
Dungeon (12/15)            Temple (1/1) D:5            Lair (1/6) D:11
    Orc (0/2) D:11

Altars:
Ashenzari
Cheibriados
Dithmenos
Elyvilon
Fedhas
Gozag
Hepliaklqana
Nemelex Xobeh
Okawaru
Qazlal
Ru
Trog
Uskayaw
Vehumet
Wu Jian
Xom
Zin
The Shining One

Annotations:
D:4 Ratty's ghost, amateur CeBe
D:10 Britaniac's ghost, novice DsFi


Innate Abilities, Weirdness & Mutations

You have a beak for a mouth.
You have claws for feet.
You can fly.
You tend to lose your temper in combat.
Your movements are slightly less encumbered by armour. (ER -2)


Message History

A komodo dragon and a crocodile come into view.
Aim: a crocodile The fireball explodes!
The fireball engulfs the crocodile.
The fireball engulfs the komodo dragon.
You now have 16/21 mp.
Aim: a crocodile (almost dead)
The fireball explodes!
The fireball engulfs the crocodile.
You kill the crocodile!
Vehumet accepts your kill.
You feel your power returning.
The fireball engulfs the komodo dragon.
A crocodile comes into view.
You now have 12/21 mp.
Aim: a komodo dragon (severely wounded)
The fireball explodes!
The fireball engulfs the komodo dragon.
The fireball engulfs the crocodile.
You kill the crocodile!
Vehumet accepts your kill.
You feel your power returning.
You now have 10/21 mp.
Aim: a komodo dragon (almost dead)
You miscast Fireball.
You are very lightly contaminated with residual magic.
Heat runs through your body.
You now have 5/21 mp.
Aim: a komodo dragon (almost dead)
The orb of energy hits the komodo dragon.
You kill the komodo dragon!
Vehumet accepts your kill.
You feel your power returning.
The orb of energy explodes!
You hear the brisk ticking of a distant clock.
You see here a komodo dragon corpse.
You see here a komodo dragon corpse.
You butcher the komodo dragon corpse.
k - 2 chunks of flesh {@w0} You see here a crocodile corpse.
You butcher the crocodile corpse.
k - 7 chunks of flesh {@w0} (gained 5)
You see here a crocodile skeleton.
You see here a crocodile skeleton.
You see here a plate armour.
You now have 555 gold pieces (gained 16).
Your magical contamination has completely faded away.
You regained 6 mp, and now have 18/21 mp.
You hear the urgent ticking of a distant clock.
i - 13 scrolls of remove curse (gained 3)
Found a labyrinth entrance.
MP restored: 21 You hear the urgent ticking of a clock nearby.
You now have 563 gold pieces (gained 8).
There is a labyrinth entrance here.
Beware, the minotaur awaits!
The world spins around you as you enter the gateway.
As you enter the labyrinth, previously moving walls settle noisily into place.
You hear the metallic echo of a distant snort before it fades into the rock.
Okay, then.
Okay, then.
All of the chunks of flesh in your inventory have rotted away.
You feel a sudden draft!
You open the door.
A minotaur comes into view. It is wielding a battleaxe of chopping.
Found a jewelled ring mail.
Found an escape hatch in the ceiling.
The fire ignites!
You now have 18/21 mp.
The fire ignites!
You now have 16/21 mp.
The fireball explodes!
The fireball engulfs the minotaur.
You now have 11/21 mp.
Aim: a minotaur, wielding a battleaxe of chopping, wearing a glowing plate armour and wearing an amulet of magic regeneration (flame, lightly wounded)
The sticky flame hits the minotaur.
The minotaur appears unharmed.
The minotaur is covered in liquid flames!
The minotaur burns!
The minotaur is engulfed in blazing flames.
The minotaur hits you but does no damage.
The minotaur closely misses you.
You now have 8/21 mp.
The minotaur burns!
The minotaur is engulfed in blazing flames.
The minotaur closely misses you.
You riposte.
You hit the minotaur but do no damage.
You claw the minotaur, but do no damage.
You peck the minotaur, but do no damage.
The minotaur gores you but does no damage.
The minotaur burns!
The minotaur is engulfed in blazing flames.
The minotaur burns!
The minotaur burns!
The minotaur stops burning.
Aim: a minotaur, wielding a battleaxe of chopping, wearing a glowing plate armour and wearing an amulet of magic regeneration (heavily wounded)
The sticky flame hits the minotaur.
The minotaur appears unharmed.
The minotaur is covered in liquid flames!
The minotaur burns!
The minotaur hits you with a battleaxe of chopping!!
The minotaur completely misses you.
You take 33 damage, and have 31/64 hp.
MASSIVE DAMAGE!!
You now have 9/21 mp.
The minotaur burns!
The minotaur burns!
The minotaur burns!
The minotaur burns!
The minotaur stops burning.
The minotaur hits you with a battleaxe of chopping!!
Ouch! That really hurt!
You die...

. . # # # ##
# # # . . ..
.. . # .
###.## ## #
#... ... .. .
### #########
#. #.....@.#
. ###.#####H#
# .##
#.....#.#...#
#...........
#.#######...#
#.# ≈≈ ≈ ..##
#.# ≈<≈ ...
#.# ... ..
#.## .###


You could see a minotaur.

Vanquished Creatures
  A two-headed ogre (D:10)
  A death yak (D:10)
  A manticore (D:10)
  2 cyclopes (D:11)
  2 komodo dragons (Lair:1)
  3 trolls
  A hornet (D:10)
  2 hippogriffs
  A spriggan (D:7)
  4 yaks (D:11)
  A wraith (D:9)
  2 hungry ghosts
  A water moccasin (Lair:1)
  Duvessa (D:7)
  5 orc warriors
  2 sky beasts (D:7)
  2 ice beasts
  2 black bears
  4 phantoms
  7 ogres
  4 centaurs
  2 crocodiles (Lair:1)
  2 bullfrogs
  Dowan (D:7)
  A wyvern skeleton (D:6)
  2 scorpions
  11 killer bees
  3 howler monkeys
  7 wights
  6 electric eels
  2 crimson imps
  A quasit (D:5)
  6 hounds
  A bullfrog zombie (D:11)
  A centaur zombie (D:7)
  4 jellies
  Crazy Yiuf (D:3)
  A centaur skeleton (D:7)
  A gnoll shaman (D:5)
  5 orc priests
  9 orc wizards
  A bullfrog skeleton (D:7)
  2 iguanas
  8 worker ants
  3 hound skeletons
  A mummy (D:7)
  A worker ant zombie (D:9)
  15 gnolls
  A howler monkey skeleton (D:8)
  9 adders
  A shadow imp (D:6)
  2 oozes
  An adder skeleton (D:5)
  2 adder zombies
  4 worms
  2 dart slugs
  3 leopard geckos
  39 orcs
  A ball python (D:3)
  9 giant cockroaches
  9 goblins
  8 hobgoblins
  10 jackals
  6 quokkas
  7 bats
  6 frilled lizards
  A hobgoblin zombie (D:7)
  8 kobolds
  3 orc zombies (D:7)
  2 quokka skeletons
  4 rats
285 creatures vanquished.

Vanquished Creatures (others)
  An orc (D:11)
1 creature vanquished.

Grand Total: 286 creatures vanquished

Notes
Turn   | Place    | Note
-------+----------+-------------------------------------------
     0 | D:1      | shakethe the Tengu Fire Elementalist began the quest for the Orb.
     0 | D:1      | Reached XP level 1. HP: 10/10 MP: 4/4
   196 | D:1      | Reached skill level 2 in Conjurations
   196 | D:1      | Reached XP level 2. HP: 15/15 MP: 4/6
   541 | D:1      | Reached XP level 3. HP: 19/19 MP: 4/7
  1111 | D:1      | Reached skill level 4 in Fire Magic
  1177 | D:2      | Reached skill level 3 in Conjurations
  1483 | D:2      | Reached XP level 4. HP: 24/24 MP: 0/8
  1489 | D:2      | Learned a level 4 spell: Sticky Flame
  1954 | D:2      | Learned a level 3 spell: Conjure Flame
  2517 | D:3      | Gained mutation: You can fly. [Tengu growth]
  2517 | D:3      | Reached XP level 5. HP: 27/28 MP: 7/10
  2531 | D:3      | Reached skill level 4 in Conjurations
  2917 | D:3      | Found a runed door.
  3268 | D:3      | Reached skill level 3 in Spellcasting
  3268 | D:3      | Reached skill level 5 in Fire Magic
  3268 | D:3      | Reached XP level 6. HP: 32/32 MP: 7/11
  3481 | D:3      | Noticed Crazy Yiuf
  3497 | D:3      | Killed Crazy Yiuf
  3497 | D:3      | Reached skill level 5 in Conjurations
  4165 | D:3      | Gained mutation: You tend to lose your temper in combat. [potion of mutation]
  4165 | D:3      | Gained mutation: Your movements are slightly less encumbered by armour. (ER -2) [potion of mutation]
  4255 | D:4      | Reached XP level 7. HP: 23/36 MP: 4/13
  4259 | D:4      | Reached skill level 6 in Conjurations
  4259 | D:4      | Reached skill level 6 in Fire Magic
  4290 | D:4      | Noticed Ratty's ghost (amateur CeBe)
  4376 | D:3      | Learned a level 5 spell: Fireball
  4820 | D:5      | Entered Level 5 of the Dungeon
  5166 | D:5      | Reached skill level 7 in Conjurations
  5508 | D:5      | Found a staircase to the Ecumenical Temple.
  5522 | Temple   | Entered the Ecumenical Temple
  5664 | Temple   | Became a worshipper of Vehumet
  6016 | D:5      | Reached skill level 4 in Spellcasting
  6016 | D:5      | Reached XP level 8. HP: 41/41 MP: 0/15
  6049 | D:5      | Reached skill level 7 in Fire Magic
  6642 | D:6      | Reached skill level 8 in Conjurations
  6843 | D:6      | Found an ornate altar of the Wu Jian Council.
  6843 | D:6      | Found a stormy altar of Qazlal.
  7045 | D:6      | Found a shattered altar of Ashenzari.
  7402 | D:7      | Noticed a spriggan baker
  7429 | D:7      | Killed a spriggan baker
  7429 | D:7      | Reached skill level 1 in Fighting
  7429 | D:7      | Reached skill level 1 in Armour
  7632 | D:7      | Reached skill level 8 in Fire Magic
  7857 | D:6      | Reached XP level 9. HP: 27/47 MP: 0/17
  8004 | D:7      | Reached * piety under Vehumet
  8004 | D:7      | Offered knowledge of Freeze by Vehumet.
  8004 | D:7      | Reached skill level 9 in Conjurations
  8062 | D:7      | Reached skill level 3 in Dodging
  8069 | D:7      | Reached skill level 2 in Armour
  8116 | D:7      | Reached skill level 2 in Fighting
  8235 | D:7      | Reached skill level 5 in Spellcasting
  8385 | D:7      | Noticed Duvessa
  8389 | D:7      | Noticed Dowan
  8393 | D:7      | Killed Duvessa
  8396 | D:7      | Killed Dowan
  8732 | D:7      | Reached skill level 3 in Armour
  8856 | D:7      | Reached skill level 10 in Conjurations
  8856 | D:7      | Reached skill level 9 in Fire Magic
  9373 | D:7      | HP: 11/49 [orc warrior/stone (11)]
  9387 | D:7      | Reached skill level 4 in Dodging
  9541 | D:8      | Reached skill level 3 in Fighting
  9661 | D:8      | Reached XP level 10. HP: 56/56 MP: 10/18
 10098 | D:8      | Found a transporter.
 10119 | D:8      | Found a glowing silver altar of Zin.
 10119 | D:8      | Noticed an angel
 10252 | D:8      | Found a transporter.
 10340 | D:8      | HP: 9/56 [electric eel/bolt of electricity (9)]
 10935 | D:9      | Reached ** piety under Vehumet
 10980 | D:9      | Offered knowledge of Magic Dart by Vehumet.
 10984 | D:9      | Reached skill level 4 in Armour
 10984 | D:9      | Reached skill level 11 in Conjurations
 11739 | D:10     | Entered Level 10 of the Dungeon
 11787 | D:10     | Reached skill level 10 in Fire Magic
 11849 | D:10     | Reached skill level 4 in Fighting
 11996 | D:10     | Reached skill level 5 in Dodging
 12329 | D:10     | Noticed a manticore
 12333 | D:10     | HP: 11/56 [manticore (10)]
 12338 | D:10     | Killed a manticore
 12338 | D:10     | Offered knowledge of Dazzling Spray by Vehumet.
 12338 | D:10     | Reached skill level 6 in Spellcasting
 12716 | D:10     | Noticed Britaniac's ghost (novice DsFi)
 13033 | D:9      | Reached XP level 11. HP: 47/62 MP: 18/21
 13360 | D:11     | Reached skill level 5 in Armour
 13361 | D:11     | Noticed a cyclops
 13369 | D:11     | HP: 5/62 [cyclops/large rock (21)]
 13743 | D:11     | Reached *** piety under Vehumet
 13748 | D:11     | Reached skill level 12 in Conjurations
 13793 | D:11     | Killed a cyclops
 13795 | D:11     | Noticed a white ugly thing
 14442 | D:11     | Noticed a death yak
 14510 | D:11     | Noticed a two-headed ogre
 14583 | D:10     | Killed a two-headed ogre
 14665 | D:12     | Noticed a skeletal warrior
 14665 | D:12     | Noticed a skeletal warrior
 14916 | D:11     | Noticed a cyclops
 14931 | D:11     | Killed a cyclops
 14931 | D:11     | Offered knowledge of Iskenderun's Mystic Blast by Vehumet.
 14931 | D:11     | Reached skill level 6 in Dodging
 14957 | D:11     | Learned a level 4 spell: Iskenderun's Mystic Blast
 15135 | D:11     | Reached skill level 5 in Fighting
 15135 | D:11     | Reached skill level 11 in Fire Magic
 15176 | D:11     | Found a staircase to the Orcish Mines.
 15240 | D:11     | Noticed a death yak
 15240 | D:11     | Noticed a death yak
 15242 | D:11     | Noticed a death yak
 15267 | D:11     | Noticed a death yak
 15321 | D:10     | Killed a death yak
 16107 | D:11     | Found a staircase to the Lair.
 16148 | Lair:1   | Entered Level 1 of the Lair of Beasts
 16398 | Lair:1   | Found a labyrinth entrance.
 16413 | Lab      | Entered a labyrinth
 16569 | Lab      | Noticed a minotaur
 16590 | Lab      | Slain by a minotaur

Skill      XL: |  1  2  3  4  5  6  7  8  9 10 11 |
---------------+----------------------------------+-----
Conjurations   | 2 3 4 5 7 8 10 11 12 | 12.7
Fire Magic     | 4 5 6 8 9 10 11 | 11.2
Spellcasting   | 3 4 5 6 |  6.5
Fighting       | 1 3 4 5 |  5.2
Armour         | 1 3 4 5 |  5.7
Dodging        | 4 5 6 |  6.2
Stealth        | |  2.0

Action                   |  1- 3 |  4- 6 |  7- 9 | 10-12 || total
-------------------------+-------+-------+-------+-------++-------
Melee: Club              |    14 |    13 |       |       ||    27
       Kick              |     3 |     2 |    21 |    22 ||    48
       Peck              |     1 |     3 |    11 |    19 ||    34
       Quarterstaff      |       |       |    39 |       ||    39
       Great sword       |       |       |    41 |    84 ||   125
Throw: Throwing net      |       |       |       |     1 ||     1
 Cast: Flame Tongue      |    66 |    96 |    77 |    99 ||   338
       Sticky Flame      |       |     4 |    40 |    42 ||    86
       Conjure Flame     |       |     2 |     1 |    11 ||    14
       Fireball          |       |       |    17 |    41 ||    58
       Iskenderun's Myst |       |       |       |    35 ||    35
  Use: Scroll            |       |     6 |    15 |     7 ||    28
       Potion            |       |     1 |     8 |     4 ||    13
  Eat: Chunk             |     3 |     9 |    14 |    17 ||    43
       Ration            |       |       |     5 |     8 ||    13
Armor: Robe              |    17 |     5 |    46 |    39 ||   107
       Leather armour    |       |       |       |    15 ||    15
Dodge: Dodged            |    30 |    32 |   108 |   135 ||   305
       Rpst.: Great sword |       |       |    11 |    34 ||    45

Vault maps used:
D:1:      tarquinn_simple_flora_water_a, minmay_cut_off
D:3:      uniq_crazy_yiuf_cottage
D:4:      first_ration
D:5:      minmay_temple_entry_trees
D:6:      gammafunk_temple_overflow_forgotten
D:7:      the_bakery, minmay_mini_ossuary, uniq_duvessa
D:8:      gammafunk_steamed_eel, zin_angel
D:11:     dpeg_lair_monsters, erik_orc_2
D:12:     basic_altar, hangedman_decor_riveting, uniq_kirke, uniq_erolcha,
          uniq_frances, uniq_snorg
Temple:   dpeg_five_rooms_temple
Lair:1:   lab_entry_generic, beast_lair_carwin_11, grunt_megastairs_2
Lab:      labyrinth_watery

Table legend:
 A = Turns spent in this place as a percentage of turns spent in the entire game.
 B = Non-inter-level travel turns spent in this place as a percentage of non-inter-level travel turns spent in the entire game.
 C = Inter-level travel turns spent in this place as a percentage of turns spent in this place.
 D = Turns resting spent in this place as a percentage of non-inter-level travel turns spent in this place.
 E = Turns spent auto-exploring this place as a percentage of non-inter-level travel turns spent in this place.
 F = Non-inter-level travel turns spent in this place divided by the number of levels of this place that you've seen.
                   A       B       C       D       E      F
               +-------+-------+-------+-------+-------+----------------------
         Total | 100.0 | 100.0 |   0.8 |  30.8 |  37.3 | 1096.9
       Dungeon |  95.8 |  96.0 |   0.6 |  32.1 |  37.3 | 1315.6
        Temple |   1.6 |   1.4 |  13.5 |   0.0 |  46.4 | 224.0
          Lair |   1.6 |   1.6 |   0.0 |   3.8 |  55.8 | 265.0
     Labyrinth |   1.1 |   1.1 |   0.0 |   0.0 |   0.0 | 177.0
               +-------+-------+-------+-------+-------+----------------------

Table legend:
 A = Kills in this place as a percentage of kills in entire the game.
 B = Kills by you in this place as a percentage of kills by you in the entire game.
 C = Kills by friends in this place as a percentage of kills by friends in the entire game.
 D = Other kills in this place as a percentage of other kills in the entire game.
 E = Experience gained in this place as a percentage of experience gained in the entire game.
 F = Experience gained in this place divided by the number of levels of this place that you have seen.
                   A       B       C       D       E      F
               +-------+-------+-------+-------+-------+----------------------
         Total | 100.0 | 100.0 |   N/A |   N/A | 100.0 | 1044.4
       Dungeon |  97.9 |  97.9 |   N/A |   N/A |  92.3 | 1204.9
          Lair |   2.1 |   2.1 |   N/A |   N/A |   7.7 | 1207.0
               +-------+-------+-------+-------+-------+----------------------
